 Dungeon Crawl Stone Soup version 0.12.2-14-g7c90c79 (webtiles) character file.

284 MarVin the Chopper (level 5, 28/41 HPs)
             Began as a Demonspawn Fighter on Aug 6, 2013.
             Quit the game on Level 3 of the Dungeon.
             The game lasted 00:04:51 (1942 turns).

MarVin the Chopper (Demonspawn Fighter)             Turns: 1942, Time: 00:04:51

HP  28/41        AC  7     Str 18      XL: 5   Next:  0%
MP   4/4         EV  5     Int  9      God:
Gold 147         SH 18     Dex 12      Spells:  0 memorised,  4 levels left

Res.Fire  : . . .   See Invis. : .   a - +0 hand axe {=f}
Res.Cold  : . . .   Warding    : .   b - +0 scale mail
Life Prot.: . . .   Conserve   : .   c - +0 shield
Res.Poison: .       Res.Corr.  : .   (helmet restricted)
Res.Elec. : .       Clarity    : .   (no cloak)
Sust.Abil.: . .     Spirit.Shd : .   (no gloves)
Res.Mut.  : .       Stasis     : .   (no boots)
Res.Rott. : .       Ctrl.Telep.: .   (no amulet)
Saprovore : . . .   Flight     : .   (no ring)
                                     (no ring)

@: slightly resistant to hostile enchantments, extremely unstealthy
A: horns 2, AC +1
a: no special abilities


You were on level 3 of the Dungeon.
You were hungry.

You visited 1 branch of the dungeon, and saw 3 of its levels.

You collected 127 gold pieces.

Inventory:

Hand weapons
 a - a +0,+0 hand axe (weapon) {=f}
Armour
 b - a +0 scale mail (worn)
 c - a +0 shield (worn)
Comestibles
 d - 4 bread rations
Scrolls
 e - a scroll of enchant weapon I {unknown}
 f - a scroll of amnesia {unknown}
 g - 4 scrolls of remove curse {unknown}
 i - a scroll of recharging {unknown}
 j - 5 scrolls of identify {unknown}
 l - 2 scrolls of teleportation {unknown}
 m - a scroll of curse armour {unknown}
 o - 5 scrolls of blinking {unknown}
 p - a scroll of magic mapping {unknown}
 u - a scroll of curse jewellery {unknown}
Jewellery
 k - an uncursed amulet of resist corrosion {unknown}
Potions
 h - a potion of speed
 n - a potion of resistance {unknown}
 q - a potion of agility {unknown}
 r - a potion of confusion {unknown}
 s - a potion of restore abilities {unknown}
 t - a potion of degeneration {unknown}


   Skills:
 - Level 3.0 Fighting
 + Level 4.2 Axes
 - Level 3.1 Armour
 - Level 3.0 Shields


You had 4 spell levels left.
You didn't know any spells.

Dungeon Overview and Level Annotations

Branches:
Dungeon (3/27)

Altars:


Innate Abilities, Weirdness & Mutations

You have a pair of horns on your head.
You are partially covered in molten scales (AC +1).


Message History

The orc wizard is severely wounded.
The orc wizard mumbles some strange words.
You feel troubled.
The orc wizard hits you but does no damage.
You hit the orc wizard but do no damage.
The orc wizard is severely wounded.
You block the orc wizard's attack.
The orc wizard points at you and mumbles some strange words.
You block the puff of flame.
You hit the orc wizard but do no damage.
The orc wizard is severely wounded.
The orc wizard casts a spell at you. The puff of flame hits you!
You hit the orc wizard.
You kill the orc wizard!
Your Axes skill increases to level 4!
You have reached level 5!
Your demonic ancestry asserts itself...
Molten scales grow over part of your body.
Are you sure you want to abandon this character and quit the game? (Confirm with "yes".)

#####.#.##......#.#
#.#.##........#
#.#.###.....###
#####.#.##########
......#..........#
#######.########.# #.#
#.# #.# #.# #.########@#
#######..........).....>.
......#.################
#####.#.# #.#.# #.#.#
#.#.# #.#.# #.#.#


There were no monsters in sight!

Vanquished Creatures
  An orc wizard (D:3)
  5 adders
  A giant mite (D:3)
  2 giant geckos
  2 oozes (D:3)
  5 orcs (D:3)
  A giant cockroach (D:1)
  6 goblins
  4 hobgoblins
  5 jackals
  A quokka (D:2)
  5 bats
  3 giant newts
  7 kobolds
  7 rats
55 creatures vanquished.

Notes
Turn   | Place    | Note
--------------------------------------------------------------
     0 | D:1      | MarVin, the Demonspawn Fighter, began the quest for the Orb.
     0 | D:1      | Reached XP level 1. HP: 18/18 MP: 0/0
   207 | D:1      | Gained mutation: You have a pair of small horns on your head. [demonic ancestry]
   207 | D:1      | Reached XP level 2. HP: 22/24 MP: 1/1
   523 | D:2      | Gained mutation: You have a pair of horns on your head. [demonic ancestry]
   523 | D:2      | Reached XP level 3. HP: 23/30 MP: 2/2
  1103 | D:3      | Reached XP level 4. HP: 28/36 MP: 3/3
  1941 | D:3      | Reached skill level 4 in Axes
  1941 | D:3      | Gained mutation: You are partially covered in molten scales (AC +1). [demonic ancestry]
  1941 | D:3      | Reached XP level 5. HP: 28/41 MP: 4/4
  1942 | D:3      | Quit the game

Action                   |  1- 3 |  4- 6 || total
-------------------------+-------+-------++-------
Melee: Hand axe          |   131 |    74 ||   205
